 Dungeon Crawl Stone Soup version 0.16.0-8-gd9ae3a8 (webtiles) character file.

1489356 magipi the Slayer (level 26, 252/252 (254) HPs)
             Began as a Merfolk Gladiator on Mar 14, 2015.
             Was the Champion of Kikubaaqudgha.
             Escaped with the Orb
             ... and 3 runes on Mar 16, 2015!
             The game lasted 09:01:53 (83900 turns).

magipi the Slayer (Merfolk Gladiator)              Turns: 83900, Time: 09:01:53

HP:   252/252 (254) AC: 31    Str: 14    XL:     26   Next: 57%
MP:   44/44         EV: 35    Int: 11    God:    Kikubaaqudgha [******]
Gold: 3017          SH:  7    Dex: 28    Spells: 11 memorised, 17 levels left

rFire  + + .     SeeInvis +     b - +18 lance "Wyrmbane" {slay drac, +Rage rPois rF+ AC+5}
rCold  + . .     Clarity  .     Z - +5 mottled dragon armour
rNeg   . . .     SustAb   +     t - +0 buckler {rC+ rF+}
rPois  +         Gourm    .     x - +2 hat {MR+}
rElec  +         Spirit   .     F - +2 cloak
rCorr  +         Warding  .     g - +2 pair of gloves {Dex+3}
rMut   .         Stasis   .     Q - +0 pair of boots
MR     +++..                    W - amulet of resist corrosion
Stlth  +.........               i - ring "Jeesosch" {SustAb +Blink rF+ SInv}
                                k - ring "Xiaz" {rElec rF- MR+ MP+9 Int+2 Dex+5}

@: very slightly contaminated, repel missiles, extremely resistant to hostile
enchantments, very unstealthy
A: change form in water, swift swim, clumsy 1, deterioration 1, dopey 1, low mp
1, robust 1, weak 1, no device heal 1
a: Receive Corpses, Torment, Renounce Religion, Evoke Blink, Evoke Berserk Rage
0: Orb of Zot
}: 3/15 runes: decaying, slimy, gossamer


You escaped.
You worshipped Kikubaaqudgha.
Kikubaaqudgha was exalted by your worship.
You were not hungry.

You visited 11 branches of the dungeon, and saw 60 of its levels.
You visited the Abyss 1 time.
You also visited: Trove and Volcano.

You collected 8784 gold pieces.
You spent 5767 gold pieces at shops.

Inventory:

Hand weapons
 a - a +8 demon trident of pain
 b - the +18 lance "Wyrmbane" (weapon) {slay drac, +Rage rPois rF+ AC+5}
   (You found it on level 3 of the Elven Halls)

   It affects your AC (+5).
   It protects you from fire.
   It protects you from poison.
   It lets you go berserk.
 P - a +0 blowgun
Missiles
 J - 12 curare-tipped needles
Armour
 g - a +2 pair of gloves of dexterity (worn)
 t - a +0 buckler of resistance (worn)
 x - a +2 hat of magic resistance (worn)
 F - a +2 cloak (worn)
 Q - a +0 pair of boots (worn)
 Z - a +5 mottled dragon armour (worn)
Rods
 V - a +1 rod of the swarm (12/12)
   (You found it on level 11 of the Dungeon)
Jewellery
 c - an uncursed ring of protection from cold
 f - an uncursed ring of protection from fire
 i - the ring "Jeesosch" (right hand) {SustAb +Blink rF+ SInv}
   (You bought it in a shop on level 4 of the Orcish Mines)

   [ring of sustain abilities]

   It sustains your strength, intelligence and dexterity.
   It protects you from fire.
   It enhances your eyesight.
   It lets you blink.
 j - the ring "Enonot" {rElec rPois rF+ rC- Str-2 Stlth+}
   (You found it in a treasure trove)

   [ring of stealth]

   It affects your strength (-2).
   It protects you from fire.
   It makes you vulnerable to cold.
   It insulates you from electricity.
   It protects you from poison.
   It makes you more stealthy.
 k - the ring "Xiaz" (left hand) {rElec rF- MR+ MP+9 Int+2 Dex+5}
   (You bought it in a shop on level 2 of the Orcish Mines)

   [ring of dexterity]

   It affects your intelligence (+2).
   It affects your dexterity (+5).
   It makes you vulnerable to fire.
   It insulates you from electricity.
   It affects your resistance to hostile enchantments.
   It affects your magic capacity (+9).
 p - an uncursed ring of poison resistance
 s - an uncursed ring of protection from magic
 G - an uncursed ring of positive energy
 W - an amulet of resist corrosion (around neck)
Magical devices
 h - a wand of teleportation (5)
 m - a wand of digging (7)
 H - a wand of hasting (1)
 K - a wand of disintegration (3)
 R - a wand of heal wounds (7)
Scrolls
 e - 5 scrolls of silence
 u - 5 scrolls of recharging
 y - 5 scrolls of teleportation
 A - 14 scrolls of remove curse
 B - 9 scrolls of fog
 M - a scroll of summoning
 N - 5 scrolls of identify
 S - 4 scrolls of blinking
 T - 6 scrolls of fear
 X - a scroll of magic mapping
Potions
 d - 7 potions of restore abilities
 l - 2 potions of might
 n - 3 potions of resistance
 r - a potion of berserk rage
 v - 4 potions of agility
 C - 4 potions of heal wounds
 D - 3 potions of cancellation
 I - 16 potions of curing
 L - 2 potions of invisibility
Miscellaneous
 z - a lamp of fire
 U - a phial of floods
Comestibles
 o - 14 meat rations
 w - 14 bread rations


   Skills:
 + Level 24.0 Fighting
 - Level 14.0 Polearms
 - Level 2.0 Throwing
 + Level 16.5 Armour
 + Level 22.8 Dodging
 - Level 1.2 Stealth
 - Level 5.1 Shields
 - Level 10.2 Spellcasting
 - Level 15.0 Charms
 - Level 9.2 Summonings
 - Level 14.1 Necromancy
 - Level 5.0 Translocations
 - Level 13.0 Evocations


You had 17 spell levels left.
You knew the following spells:

 Your Spells              Type           Power        Failure   Level  Hunger
a - Apportation           Tloc           ###.......   1%          1    None
b - Animate Skeleton      Necr           N/A          1%          1    None
c - Vampiric Draining     Necr           #####.....   1%          3    ##.....
d - Animate Dead          Necr           N/A          1%          4    ####...
e - Summon Butterflies    Summ           ####....     1%          1    None
f - Flight                Chrm/Air       ###.......   1%          3    ##.....
h - Haste                 Chrm           #####...     6%          6    #######
m - Repel Missiles        Chrm/Air       ###...       1%          2    None
p - Shroud of Golubria    Chrm/Tloc      ####......   1%          2    None
r - Regeneration          Chrm/Necr      #####.....   1%          3    ##.....
B - Blink                 Tloc           N/A          3%          2    None


Dungeon Overview and Level Annotations

Branches:
Dungeon (15/15)            Temple (1/1) D:6            Lair (8/8) D:10
  Swamp (5/5) Lair:5       Spider (5/5) Lair:4        Slime (6/6) Lair:8
    Orc (4/4) D:10            Elf (3/3) Orc:4        Vaults (3/5) D:14
  Crypt (0/3) Vaults:2     Depths (5/5) D:15            Zot (5/5) Depths:5

Altars:
Ashenzari
Cheibriados
Dithmenos
Elyvilon
Fedhas
Gozag
Kikubaaqudgha
Makhleb
Nemelex Xobeh
Okawaru
Qazlal
Ru
Sif Muna
Trog
Vehumet
Xom
Yredelemnul
Zin
The Shining One
Beogh
Jiyva

Shops:
D:9 %   D:12 (   Orc:2 =   Orc:4 =[:(   Elf:2 %   Vaults:1 %?   Vaults:3 :
Depths:1 *

Portals:
Hell: Depths:1 Depths:2 Depths:3 Depths:4 Depths:5
Abyss: Depths:2 Depths:4 Depths:5
Pandemonium: Depths:1 Depths:3
Ziggurat: Depths:2

Annotations:
D:4 Pikel, Yiuf
Lair:1 Nergalle
Swamp:3 exclusion: Roxanne, Roxanne
Swamp:4 Jorgrun
Elf:2 2 runed doors
Vaults:3 Aizul; Mennas
Depths:5 exclusions: draconian caller, draconian zealot and 2 more exclusions


Innate Abilities, Weirdness & Mutations

You revert to your normal form in water.
You are very nimble and swift while swimming.
You are clumsy. (Dex -2)
Your body is slowly deteriorating.
You are dopey. (Int -2)
Your magical capacity is low (-10% MP).
You are robust (+10% HP).
You are weak. (Str -2)
Potions and wands are less effective at restoring your health.

Vault maps used:
D:1:      evilmike_arrival_rings
D:2:      okawaru_trees_1, first_bread, kennysheep_cluttered_room
D:4:      lemuel_round_altar, uniq_iyjb, uniq_crazy_yiuf_cottage, uniq_pikel,
          uniq_menkaure
D:5:      bloody_trog, hangedman_glass_teeth, uniq_sigmund
D:6:      kennysheep_little_box, temple_fountains
D:7:      zin_statuary, grunt_ministairs_3, kennysheep_generic_room_4,
          uniq_edmund
D:8:      nicolae_overflow_crystal_walls
D:9:      fedhas_altar_3, serial_shops, nicolae_shop_behind_doors, uniq_psyche,
          uniq_prince_ribbit1
D:10:     due_lair_maze_entry_diamond, david_orc_1_choice, uniq_fannar
D:11:     david_lair_shrubbed, hangedman_ranch
D:12:     serial_shops, nicolae_shop_crystal, uniq_josephine
D:13:     grunt_ministairs_1, serial_bayou_lake_a
D:14:     grunt_vaults_entry_tiered, basic_altar, dk_noncrumbling_2,
          serial_bayou_pond_c
D:15:     hangedman_depths_entry_civil_slaughter, nrook_uturn, enter_trove_1,
          uniq_frances
Temple:   circular_temple_12
Lair:1:   beast_lair_carwin_large_3, uniq_nergalle
Lair:4:   spider_nest_entry_a, infiniplex_staircase_pool
Lair:5:   swamp_mist, grunt_megastairs_2, infiniplex_staircase_pool_2,
          serial_bayou_shore_a
Lair:6:   minmay_lindwurm_lava
Lair:7:   serial_bayou_pond_d
Lair:8:   due_jungle_book, slime_altar_1, uniq_rupert
Swamp:1:  evilmike_swamp_ruin_house_6
Swamp:2:  evilmike_swamp_ruin_house_2, swamp_pool4
Swamp:3:  hangedman_swamp_pad, swamp_pool3, uniq_roxanne
Swamp:4:  evilmike_swamp_ruin_rubble_1, uniq_donald, uniq_jorgrun, uniq_nikola
Swamp:5:  swamp, uniq_louise
Spider:3: spider_trap, uniq_azrael
Spider:4: zaba_anthell
Spider:5: grunt_spider_rune_parallel, uniq_arachne
Slime:1:  nicolae_slime_phagocytosis
Slime:3:  cheibrodos_slime_lost_civilization_1,
          cheibrodos_slime_lost_civilization_7
Orc:2:    serial_shops, shop_coins
Orc:3:    nicolae_orc_accident_2, nicolae_orc_pool_cavern, nicolae_orc_rockfall,
          uniq_sonja, uniq_erica
Orc:4:    st_orc_open, enter_volcano_2, uniq_gastronok
Elf:1:    eino_elf_arrival_shootout, minivault_28
Elf:2:    serial_shops, shop, onia_ninara_cookie
Elf:3:    minmay_elf_hall_spiked, hangedman_elf_targetted_burst
Vaults:1: v_misc_32, v_alt_pattern_1, ontoclasm_vaults_fault,
          nicolae_vaults_little_squares_1, nicolae_vaults_stairing_the_circle,
          v_misc_2, v_alt_pattern_5, vaults_standard_mumra_x,
          dpeg_vaults_monster_box, nicolae_vaults_circle_grid_b,
          hangedman_vaults_hard_town_square, vaults_room_mumra_shop_pool,
          ontoclasm_vaults_loading_screen, vaults_room_pool,
          vaults_room_door_ring, serial_shops, nicolae_shop_statue_plus
Vaults:2: ontoclasm_vaults_claustrophobia, st_diamondy, nicolae_vaults_alarming,
          hangedman_vaults_variations, v_rooms_4, hangedman_vaults_capsules,
          minmay_crypt_entry_simple_sparse, v_misc_17, nicolae_vaults_little_ls,
          nicolae_vaults_little_squares_5, basic_altar
Vaults:3: vaults_dpeg_cross, vaults_mumra_lcd, nicolae_vaults_hallways_thing,
          nicolae_vaults_yaktaur_gun_rack,
          nicolae_vaults_windows_and_doors_thing, nicolae_vaults_three_branches,
          vaults_mumra_hex, nicolae_vaults_mini_display_case,
          nicolae_vaults_ninety_degrees, serial_shops, shop, nicolae_shop_stone,
          shop, shop_fountains, shop, uniq_aizul, uniq_mennas, uniq_norris
Depths:1: cheibrodos_lost_city_excavation, rand_demon_pan_entry_4,
          hangedman_coc_ice_floe, hex_medium, guppyfry_shop_venom
Depths:2: spriggan_forest, hell_entry, abyss_entry
Depths:3: kennysheep_ogre_elephant_herders, hell_entry, grunt_pan_entry_sceptre,
          nemelex_xobeh_ov_fountains_minmay, baited_tele_trap,
          minmay_staircase_bubble
Depths:4: little_maze_vault, serial_curves, eino_curves_02, eino_curves_03,
          minmay_misc_feat_square, hell_entry, minmay_room_of_horrors,
          xom_teletrap_fun
Depths:5: evilmike_zot_entry_argh, abyss_entry, hell_entry,
          serial_sigils_hangedman_scar
Zot:1:    lemuel_draconian_sentries
Zot:2:    hangedman_zot_gyre
Zot:4:    lemuel_acid_trip
Zot:5:    uniq_tiamat
Trove:    trove_garden
Volcano:  volcano_grotto


Message History

(D) Dungeon (T) Temple (L) Lair (S) Swamp (N) Spider Nest (M) Slime Pits (O) Orcish Mines (E) Elven Halls (V) Vaults (C) Crypt (U) Depths (H) Hell (Z) Zot
Where to? (Enter - D:1, ? - help)
Things that are here:
a club; a leather armour You see here a distressingly furry robe.
There is a stone staircase leading up here.
You climb upwards.
You sense a powerful magical force warping space.
There is a stone staircase leading down here.
There is a stone staircase leading up here.
You climb upwards.
You sense a powerful magical force warping space.
There is a stone staircase leading down here.
You see here 2 stones.
There is a stone staircase leading up here.
You climb upwards.
You sense a powerful magical force warping space.
There is a stone staircase leading down here.
Epitedota comes into view.
Epitedota shouts, "I will devour thy faith!"
Press: ? - help, v - describe, . - travel
Here: Epitedota The floor.
Unknown command.
Press: ? - help, v - describe, . - travel
Here: Epitedota The floor.
Unknown command.
Read which item? (? for menu, Esc to quit)
As you read the scroll of fog, it crumbles to dust.
The scroll dissolves into smoke.
Casting: Haste
Confirm with . or Enter, or press ? or * to list all spells.
Aiming: Haste
Press: ? - help, Shift-Dir - straight line, f - you You feel yourself speed up.
You see here a dagger.
You hear a grinding noise.
You hear a grinding noise.
A cacodemon comes into view.
The cacodemon shouts!
A sixfirhy comes into view.
You hear a grinding noise.
You hear a grinding noise.
You hear a grinding noise.
Your extra speed is starting to run out.
The sixfirhy closely misses you.
You see here a short sword.
A torturous demonspawn comes into view. It is wielding a morningstar.
The torturous demonspawn shouts!
There is an open door here.
You block the torturous demonspawn's attack.
You are contaminated with residual magic.
You hit the torturous demonspawn.
The torturous demonspawn is lightly wounded.
You puncture the torturous demonspawn!
The torturous demonspawn is moderately wounded.
You block the sixfirhy's attack.
You hit the torturous demonspawn!
The torturous demonspawn is severely wounded.
The sixfirhy completely misses you.
You puncture the torturous demonspawn!!
You kill the torturous demonspawn!
Kikubaaqudgha accepts your kill. The sixfirhy completely misses you.
The sixfirhy hits you but does no damage.
You feel yourself slow down.
Things that are here:
a morningstar; a plate armour; a torturous demonspawn corpse The sixfirhy completely misses you.
You block the sixfirhy's attack. You block the sixfirhy's attack.
The sixfirhy misses you.
You feel less contaminated with magical energies.
The sixfirhy completely misses you. You block the sixfirhy's attack.
You block the sixfirhy's attack. x2
The sixfirhy misses you. The sixfirhy completely misses you.
You see here a dagger.
You block the sixfirhy's attack. The sixfirhy completely misses you.
The sixfirhy misses you. The sixfirhy completely misses you.
The sixfirhy hits you but does no damage.
The sixfirhy completely misses you.
The hobgoblin shouts!
You impale the hobgoblin!!!
You kill the hobgoblin!
Kikubaaqudgha accepts your kill.
You see here a club.
The sixfirhy completely misses you.
There is an open door here.
The sixfirhy hits you but does no damage.
You block the sixfirhy's attack. The sixfirhy closely misses you.
There is a staircase leading out of the dungeon here.
You puncture the sixfirhy!!
The sixfirhy is severely wounded.
The sixfirhy completely misses you.
You puncture the sixfirhy!!
You kill the sixfirhy!
Kikubaaqudgha accepts your kill.
You have escaped!

......&....(..ยงยง&...&.## #...#
####.####...#########..#####...##
#.......#()##.......##..##.......
#.#####...#'.#######.##).........
#.# ##.(.##.##.....##.##.........
#.# #....#.##..####.##.#..##...##
#.# #....#.#.##)#.##.#.#&.##...#
#.# #..#.#)#.#.#'#.###.#..######
..# #..#.#.#.#.#@#.#.#.#.## ##
..# #..#.#.#)#.###.#.#.#.# #. ..#
#. #.#.#.##...##.###.#######. ..#
#.#2.#.##.#####.##g#.#.......
..####.#.##.##.....##.##...#####.
...4.2....##..######.##..### #[
#..........##.......##..## ##
#.#######..#########..## #
##........&..##


There were no monsters in sight!

Table legend:
 A = Kills in this place as a percentage of kills in entire the game.
 B = Kills by you in this place as a percentage of kills by you in the entire game.
 C = Kills by friends in this place as a percentage of kills by friends in the entire game.
 D = Other kills in this place as a percentage of other kills in the entire game.
 E = Experience gained in this place as a percentage of experience gained in the entire game.
 F = Experience gained in this place divided by the number of levels of this place that you have seen.
                   A       B       C       D       E      F
               +-------+-------+-------+-------+-------+----------------------
         Total | 100.0 | 100.0 | 100.0 | 100.0 | 100.0 | 18962.2
       Dungeon |  20.9 |  22.5 |   8.5 |  12.5 |   7.0 | 5544.3
          Lair |  11.0 |  12.1 |   2.7 |   0.0 |   4.7 | 7056.2
         Swamp |   6.7 |   6.1 |  11.6 |   0.0 |   5.7 | 13584.6
   Spider Nest |  11.2 |   7.8 |  37.8 |   0.0 |   6.4 | 15312.8
    Slime Pits |   3.9 |   4.5 |   0.0 |   0.0 |   5.2 | 10384.7
  Orcish Mines |   7.4 |   8.2 |   1.0 |   0.0 |   1.5 | 4520.8
   Elven Halls |   4.3 |   4.7 |   1.4 |   0.0 |   6.4 | 25329.0
        Vaults |   7.2 |   6.6 |  11.6 |  12.5 |   8.1 | 32358.0
        Depths |  18.4 |  17.7 |  22.4 |  50.0 |  27.7 | 66263.2
           Zot |   8.5 |   9.1 |   3.1 |  25.0 |  26.8 | 64057.6
         Abyss |   0.2 |   0.2 |   0.0 |   0.0 |   0.3 | 3339.0
       Volcano |   0.4 |   0.4 |   0.0 |   0.0 |   0.2 | 2122.0
               +-------+-------+-------+-------+-------+----------------------

Vanquished Creatures
  the royal jelly (Slime:6)
  An orb of fire (Zot:5)
  3 ancient liches (Zot:5)
  A caustic shrike (Depths:4)
  A Killer Klown (Zot:5)
  9 golden dragons
  the Enchantress (Depths:2)
  Nikola (Swamp:4)
  An electric golem (Zot:5)
  5 tentacled monstrosities (Zot:1)
  5 liches
  A Hell Sentinel (Depths:5)
  21 Orb Guardians (Zot:5)
  A deep elf blademaster (Elf:3)
  2 titans (Depths:4)
  2 deep elf master archers (Elf:3)
  3 sphinxes
  14 acid blobs
  A tentacled starspawn (Abyss:1)
  3 tengu reavers (Depths:4)
  A thorn hunter (Swamp:3)
  Rupert (Lair:8)
  2 shadow dragons
  An Executioner (D:9)
  Frances (D:15)
  10 storm dragons
  6 draconian monks
  4 azure jellies
  5 frost giants
  Donald (Swamp:4)
  An iron dragon (Depths:4)
  5 deep elf sorcerers (Elf:3)
  8 draconian scorchers
  7 vault wardens
  5 ghost moths
  5 fire giants
  Louise (Swamp:5)
  4 draconian knights
  4 draconian zealots
  Gastronok (Orc:4)
  5 emperor scorpions
  6 spriggan defenders
  15 stone giants
  5 ironheart preservers
  8 very ugly things
  2 draconian annihilators
  9 draconian shifters
  9 draconian callers
  A vampire knight (Depths:4)
  7 rakshasas
  9 grey draconians
  5 deep elf demonologists (Elf:3)
  5 black draconians
  8 green draconians
  Azrael (Spider:3)
  10 deep elf annihilators (Elf:3)
  3 white draconians
  13 yellow draconians
  6 pale draconians
  6 purple draconians
  7 red draconians
  8 dire elephants
  3 death oozes (Slime:6)
  8 mottled draconians
  9 ettins
  2 deep elf high priests (Elf:3)
  9 vault guards
  5 minotaurs
  10 great orbs of eyes
  6 deep elf death magi
  Josephine (D:12)
  7 fire dragons
  8 yaktaur captains
  Fannar (D:10)
  4 death cobs
  12 ice dragons
  7 spriggan air magi
  20 hydras
  Erica (Orc:3)
  A ghost crab (shapeshifter) (Elf:2)
  A ghost crab (Swamp:3)
  12 centaur warriors
  12 ogre magi
  2 dancing weapons (Elf:2)
  4 alligators
  11 deep troll shamans
  A catoblepas (Depths:1)
  8 tengu warriors
  7 deep troll earth magi
  A soul eater (Depths:4)
  33 death yaks
  A sun demon (Depths:1)
  11 spriggan berserkers
  3 iron trolls
  15 deep elf knights
  A fire crab (Vaults:2)
  5 skeletal warriors
  A shadow wraith (Vaults:3)
  9 large abominations
  2 giant orange brains
  6 unseen horrors
  A fire crab (shapeshifter) (D:13)
  9 spriggan druids
  A shadow demon (Depths:3)
  A flayed ghost (Depths:2)
  12 deep elf summoners
  6 wizards
  5 death drakes (Zot:1)
  7 swamp dragons
  17 deep trolls
  3 shambling mangroves
  A mana viper (shapeshifter) (D:15)
  15 deep elf conjurers
  Pikel (D:4)
  4 ironbrand convokers (Vaults:1)
  4 necromancers
  15 hill giants
  A torturous demonspawn (D:1)
  4 lindwurms (Lair:6)
  30 ugly things
  12 hornets
  A harpy (Vaults:3)
  4 orb spiders
  3 griffons
  22 wolf spiders
  2 manticores
  7 shining eyes
  2 oklob plants (Zot:4)
  2 phantasmal warriors
  8 black mambas
  3 centaur zombies
  An orc sorcerer (Elf:2)
  3 sixfirhies
  11 cyclopes
  A shining eye (shapeshifter) (Depths:1)
  9 vault sentinels
  13 moths of wrath
  7 elephants
  2 smoke demons
  16 spiny frogs
  3 torpor snails
  A naga mage (Depths:1)
  3 gargoyles
  A queen ant (Spider:4)
  Psyche (D:9)
  33 yaktaurs
  4 fire drakes
  A hellion (Depths:3)
  A yaktaur (shapeshifter) (Depths:5)
  The ghost of dysrexia the Conjurer, an experienced DsCj of Vehumet (D:5)
  12 demonic crawlers
  16 trolls
  2 red devils (Depths:3)
  A kobold demonologist (D:14)
  15 deep elf priests
  12 komodo dragons
  An efreet (D:13)
  3 tengu conjurers
  A human skeleton (Vaults:1)
  2 polar bears
  2 blue devils
  5 freezing wraiths
  Sonja (Orc:3)
  5 giant leeches
  17 jumping spiders
  82 slime creatures
  A harpy skeleton (D:15)
  Prince Ribbit (D:9)
  4 boulder beetles
  3 wind drakes (Zot:1)
  3 small abominations
  5 bog bodies
  3 basilisks
  A jumping spider (shapeshifter) (Vaults:2)
  3 blink frogs (Lair:7)
  16 two-headed ogres
  5 baby alligators (Swamp:3)
  An ice dragon zombie (Zot:5)
  21 ravens
  16 trapdoor spiders
  A snapping turtle (shapeshifter) (Depths:4)
  7 air elementals
  A spriggan (shapeshifter) (D:15)
  40 spriggans
  3 vampires
  A basilisk (shapeshifter) (D:14)
  36 redbacks
  26 deep elf magi
  4 golden eyes
  2 wyverns
  4 fire elementals
  65 yaks
  3 hungry ghosts
  2 ynoxinuls
  11 tarantellas
  3 chaos spawn (Depths:4)
  18 humans (D:14)
  5 wraiths (D:12)
  9 wolves (Lair:3)
  10 hippogriffs
  16 vampire mosquitoes
  7 shadows
  17 water moccasins
  19 soldier ants
  19 deep elf fighters
  Edmund (D:7)
  12 insubstantial wisps
  Menkaure (D:4)
  2 soldier ants (shapeshifter)
  A steam dragon (D:12)
  2 wargs
  6 mottled dragons
  19 swamp worms
  11 porcupines
  5 ice beasts
  3 slaves (D:4)
  21 wasps
  12 swamp drakes
  2 black bears
  2 eyes of draining (Slime:6)
  23 orc warriors
  An elf zombie (Vaults:1)
  2 hell hounds (Spider:3)
  22 centaurs
  38 ogres
  2 phantoms (D:8)
  24 spiders
  2 sky beasts
  16 boggarts
  3 brain worms
  Sigmund (D:5)
  A boring beetle (Spider:2)
  15 crocodiles
  21 giant frogs
  7 big kobolds
  12 killer bees
  10 scorpions
  39 jellies
  16 wights
  4 electric eels
  A goliath beetle (D:8)
  A quasit (D:12)
  8 crimson imps
  5 lava snakes (Volcano)
  13 iguanas
  Crazy Yiuf (D:4)
  24 orc priests
  8 hounds
  2 giant frog skeletons
  3 iron imps
  5 centaur skeletons
  22 orc wizards
  2 hell rats
  A killer bee zombie (D:7)
  22 worker ants
  28 sheep
  Ijyb (D:4)
  2 mummies
  24 adders
  48 river rats
  3 shadow imps (Depths:3)
  3 giant mites
  4 white imps (Depths:3)
  2 worms
  A giant eyeball (Elf:2)
  3 ufetubi
  2 adder skeletons
  An ooze (D:4)
  154 orcs
  A ball python (D:3)
  14 bats
  7 bat skeletons
  6 giant cockroaches
  19 goblins
  15 hobgoblins
  11 jackals
  15 quokkas
  9 giant geckos
  A giant gecko zombie (D:7)
  3 giant newts
  A giant spore (D:9)
  A jackal zombie (D:8)
  27 kobolds
  16 rats
  A spectral orc (Lair:1)
  2 ballistomycetes (D:9)
  3 bushes (Depths:2)
  A crawling corpse (Elf:1)
  2 fungi (D:10)
  3 plants
2373 creatures vanquished.

Vanquished Creatures (collateral kills)
  A golden dragon (Depths:4)
  Arachne (Spider:5)
  A tentacled monstrosity (Depths:4)
  A tengu reaver (Depths:4)
  A cacodemon (Depths:1)
  A frost giant (Depths:4)
  A deep elf sorcerer (Depths:4)
  2 emperor scorpions
  A draconian knight (Depths:5)
  A very ugly thing (Vaults:1)
  A stone giant (Vaults:3)
  2 spriggan defenders
  A dire elephant (Depths:1)
  A deep elf annihilator (Elf:3)
  A yellow draconian (Zot:4)
  A fire dragon (Vaults:2)
  An ettin (Depths:4)
  A death ooze (Slime:6)
  A minotaur (Depths:5)
  A vault guard (Vaults:1)
  3 yaktaur captains
  A deep elf high priest (Depths:4)
  A great orb of eyes (Depths:4)
  A rakshasa (Vaults:1)
  An ice dragon (Depths:5)
  A spriggan air mage (Depths:2)
  7 hydras
  4 centaur warriors
  A death knight (Vaults:2)
  A deep troll earth mage (Depths:3)
  An ogre mage (Depths:2)
  2 deep troll shamans (Depths:5)
  7 death yaks
  11 spriggans
  A soul eater (Zot:4)
  2 spriggan berserkers (Depths:2)
  A deep elf knight (Vaults:1)
  A deep elf summoner (Depths:3)
  A spriggan druid (Swamp:5)
  4 deep trolls
  3 swamp dragons (Swamp:5)
  An ironbrand convoker (Vaults:1)
  3 orc knights
  2 shambling mangroves (Swamp:4)
  A hill giant (Vaults:1)
  12 wolf spiders
  8 orb spiders
  4 ugly things
  2 hornets
  2 oklob plants (Zot:4)
  A sixfirhy (Depths:2)
  A black mamba (Depths:1)
  A stone giant skeleton (Vaults:1)
  2 moths of wrath (Zot:1)
  2 cyclopes
  A centaur zombie (D:15)
  3 vault sentinels (Vaults:1)
  An orange demon (Depths:5)
  A rust devil (Depths:5)
  A torpor snail (Spider:3)
  2 spiny frogs
  A demonic crawler (Spider:2)
  A komodo dragon (D:14)
  8 yaktaurs
  A troll (Orc:4)
  A boulder beetle (Vaults:1)
  A fire drake (Zot:1)
  2 giant leeches
  2 red devils (Depths:5)
  A tengu conjurer (Depths:1)
  8 jumping spiders
  A blue devil (Depths:5)
  6 ravens
  10 slime creatures
  5 two-headed ogres
  A bog body (Lair:5)
  2 trapdoor spider zombies (Spider:5)
  2 deep elf magi
  15 trapdoor spiders
  A tarantella zombie (Spider:5)
  A vampire (Vaults:2)
  4 shadows
  4 spiders (Spider:5)
  24 redbacks
  2 yaks (Depths:2)
  A chaos spawn (Depths:4)
  A water elemental (D:13)
  3 fire elementals
  13 tarantellas
  A human (D:14)
  A neqoxec (Depths:5)
  A deep elf fighter (Elf:2)
  7 soldier ants (Spider:4)
  2 insubstantial wisps (Swamp:3)
  A water moccasin (Swamp:3)
  5 swamp worms
  An orb spider zombie (Spider:5)
  An eye of draining (Depths:2)
  A swamp drake (Swamp:2)
  6 wasps
  2 orc warriors
  2 centaurs (D:13)
  5 ogres
  A scorpion (Spider:4)
  A small abomination (Depths:4)
  An electric eel (D:13)
  3 jellies (Zot:4)
  2 crimson imps
  14 worker ants (Spider:4)
  An orc wizard (Orc:4)
  A river rat (Lair:8)
  An adder (D:4)
  A white imp (Zot:5)
  A giant eyeball (Elf:2)
  2 ufetubi
  3 orcs
  3 crawling corpses
  3 fungi
  2 plants
326 creatures vanquished.

Vanquished Creatures (others)
  A tengu reaver (Depths:2)
  An azure jelly (Slime:6)
  A draconian scorcher (Zot:3)
  A Killer Klown zombie (Zot:5)
  A mottled draconian (Zot:3)
  Arachne zombie (Spider:5)
  A death ooze (Slime:6)
  A storm dragon zombie (Zot:5)
  A deep elf knight (Depths:5)
  A wizard (D:14)
  A very ugly thing zombie (Depths:4)
  2 ghost moth zombies
  A golden dragon zombie (Depths:4)
  A tengu zombie (Depths:4)
  8 ugly thing zombies
  12 wolf spider zombies
  6 draconian zombies
  3 frost giant zombies
  2 fire giant zombies
  3 stone giant zombies
  A manticore (Depths:2)
  A sphinx skeleton (Depths:2)
  4 dire elephant zombies
  A draconian skeleton (Zot:1)
  8 centaur zombies
  3 yellow draconian zombies
  5 centaur skeletons
  2 purple draconian zombies (Zot:4)
  An emperor scorpion zombie (Spider:5)
  A yaktaur (Depths:4)
  3 green draconian zombies (Zot:1)
  7 death yak zombies
  A catoblepas zombie (Depths:1)
  A red draconian zombie (Zot:5)
  2 black draconian zombies
  A grey draconian zombie (Zot:4)
  An iron troll zombie (Depths:4)
  A white draconian zombie (Zot:1)
  A minotaur zombie (Depths:5)
  A black draconian skeleton (Zot:1)
  7 redback zombies
  A pale draconian skeleton (Zot:4)
  A yellow draconian skeleton (Zot:4)
  A fire drake (Zot:1)
  A harpy zombie (Vaults:3)
  A demonic crawler zombie (Spider:2)
  A mottled draconian skeleton (Zot:4)
  6 hornet zombies
  A fire elemental (Depths:2)
  6 hydra skeletons
  11 trapdoor spider zombies (Spider:5)
  38 spriggan zombies
  2 tarantella zombies (Spider:5)
  A fire dragon zombie (Zot:4)
  4 moth of wrath zombies
  2 griffon zombies (Vaults:2)
  An ettin zombie (Depths:5)
  2 jumping spider zombies
  A black mamba zombie (Depths:1)
  An ugly thing skeleton (D:12)
  A spriggan skeleton (Depths:5)
  A hill giant zombie (Vaults:1)
  32 elf zombies
  2 alligator skeletons (Swamp:3)
  An ice dragon skeleton (Zot:1)
  A vampire mosquito (Vaults:1)
  2 hill giant skeletons
  12 ogre zombies
  15 deep troll zombies
  16 human zombies
  4 orb spider zombies
  3 deep troll skeletons (Depths:3)
  14 human skeletons
  2 raven skeletons
  3 spiny frog skeletons
  2 baby alligator skeletons (Swamp:3)
  A manticore zombie (Depths:2)
  8 orc zombies
  4 swamp dragon skeletons
  A torpor snail zombie (Spider:3)
  2 vampire mosquito zombies (Vaults:1)
  A manticore skeleton (D:12)
  A boggart (Depths:2)
  2 lost souls (Elf:3)
  21 yaktaur zombies
  6 spider zombies
  A fire drake skeleton (Lair:8)
  A komodo dragon skeleton (D:14)
  A yaktaur skeleton (Vaults:2)
  A cyclops zombie (Depths:2)
  A cyclops skeleton (Vaults:1)
  A boulder beetle zombie (Vaults:1)
  3 water moccasin skeletons
  8 yak zombies
  7 yak skeletons
  A giant frog zombie (D:15)
  A boring beetle zombie (Spider:2)
  A jelly (Slime:6)
  2 two-headed ogre zombies
  11 wasp zombies
  2 soldier ant zombies (Spider:4)
  A giant frog skeleton (D:15)
  A bog body skeleton (Swamp:4)
  11 elf skeletons
  A two-headed ogre skeleton (D:15)
  A basilisk skeleton (D:12)
  A porcupine skeleton (Lair:8)
  3 mottled dragon skeletons
  5 ogre skeletons
  5 worker ant zombies
  A scorpion zombie (Spider:4)
  5 swamp drake skeletons
  A white imp (Depths:3)
  An adder skeleton (D:12)
  An electric eel skeleton (Lair:5)
  An iguana skeleton (D:15)
  A sheep skeleton (Vaults:1)
  A goblin zombie (D:15)
  A kobold skeleton (D:12)
  10 orc skeletons
  11 butterflies (Slime:1)
  5 fungi
  7 plants
  2 starspawn tentacles (Abyss:1)
  3 starspawn tentacle segments (Abyss:1)
464 creatures vanquished.

Grand Total: 3163 creatures vanquished

Notes
Turn   | Place    | Note
--------------------------------------------------------------
     0 | D:1      | magipi, the Merfolk Gladiator, began the quest for the Orb.
     0 | D:1      | Reached XP level 1. HP: 16/16 MP: 1/1
   309 | D:1      | Reached skill level 5 in Polearms
   330 | D:1      | Reached XP level 2. HP: 22/22 MP: 2/2
  1220 | D:3      | Reached skill level 6 in Polearms
  1220 | D:3      | Reached XP level 3. HP: 27/27 MP: 3/3
  1388 | D:2      | Found an iron altar of Okawaru.
  1741 | D:3      | Reached skill level 7 in Polearms
  1741 | D:3      | Reached XP level 4. HP: 33/33 MP: 4/4
  2014 | D:3      | Reached skill level 8 in Polearms
  2131 | D:3      | Reached XP level 5. HP: 36/38 MP: 5/5
  2478 | D:4      | Found a shattered altar of Ashenzari.
  2539 | D:4      | Noticed a slave
  2754 | D:4      | Noticed Ijyb
  2774 | D:4      | Killed Ijyb
  3649 | D:5      | Entered Level 5 of the Dungeon
  3692 | D:5      | Reached skill level 9 in Polearms
  3822 | D:5      | Noticed dysrexia's ghost (experienced DsCj)
  3985 | D:5      | Reached XP level 6. HP: 39/44 MP: 6/6
  4024 | D:5      | Found a bloodstained altar of Trog.
  4292 | D:5      | Noticed Sigmund
  4431 | D:6      | Reached skill level 5 in Dodging
  4556 | D:6      | Found a burning altar of Makhleb.
  4732 | D:6      | Found a staircase to the Ecumenical Temple.
  4735 | D:6      | Reached skill level 10 in Polearms
  4740 | Temple   | Entered the Ecumenical Temple
  4864 | Temple   | Became a worshipper of Kikubaaqudgha
  5238 | D:7      | Reached XP level 7. HP: 46/50 MP: 7/7
  6214 | D:7      | Noticed a hippogriff
  6231 | D:7      | Killed a hippogriff
  6305 | D:7      | Reached XP level 8. HP: 56/56 MP: 8/8
  6442 | D:7      | Found a glowing silver altar of Zin.
  6451 | D:7      | Noticed Edmund
  6686 | D:7      | Killed Edmund
  6686 | D:7      | Reached skill level 10 in Dodging
  6992 | D:7      | Noticed a hippogriff
  7040 | D:7      | Reached skill level 11 in Dodging
  7057 | D:7      | Killed a hippogriff
  7751 | D:7      | Acquired Kikubaaqudgha's first power
  7751 | D:7      | Received a gift from Kikubaaqudgha
  7754 | D:7      | Identified Kikubaaqudgha's Incunabulum of Evil Arts (Kikubaaqudgha gifted it to you on level 7 of the Dungeon)
  7913 | D:7      | Reached skill level 12 in Dodging
  8142 | D:7      | Reached XP level 9. HP: 55/62 MP: 9/9
  8326 | D:8      | Found a sacrificial altar of Ru.
  9199 | D:8      | Reached skill level 5 in Fighting
  9660 | D:8      | Reached XP level 10. HP: 77/77 MP: 10/10
  9934 | D:9      | Found Muish's Food Emporium.
  9938 | D:9      | Found a blossoming altar of Fedhas.
 10272 | D:9      | Noticed Psyche
 10315 | D:9      | Killed Psyche
 10315 | D:9      | Reached skill level 13 in Polearms
 10942 | D:9      | Acquired Kikubaaqudgha's second power
 10948 | D:9      | Noticed Prince Ribbit
 11388 | D:9      | Killed Prince Ribbit
 11513 | D:10     | Entered Level 10 of the Dungeon
 11602 | D:10     | Noticed a hill giant
 11658 | D:10     | Killed a hill giant
 11765 | D:10     | Reached skill level 14 in Polearms
 11765 | D:10     | Reached skill level 1 in Shields
 12125 | D:10     | Reached skill level 5 in Shields
 12138 | D:10     | Reached XP level 11. HP: 61/87 MP: 11/11
 12151 | D:10     | Reached skill level 1 in Armour
 12441 | D:10     | Found a staircase to the Lair.
 12720 | D:10     | Received a gift from Kikubaaqudgha
 12723 | D:10     | Identified Kikubaaqudgha's Disquisition on Evil Arts (Kikubaaqudgha gifted it to you on level 10 of the Dungeon)
 12825 | D:10     | Noticed a hill giant
 12826 | D:10     | Noticed a hill giant
 12855 | D:10     | Killed a hill giant
 12900 | D:10     | Killed a hill giant
 13071 | D:10     | Noticed Fannar
 13131 | D:10     | Killed Fannar
 13131 | D:10     | Reached skill level 10 in Fighting
 13530 | D:10     | Found a staircase to the Orcish Mines.
 14019 | Lair:1   | Entered Level 1 of the Lair of Beasts
 15393 | Lair:1   | Noticed Nergalle
 15472 | Lair:2   | Noticed an eight-headed hydra
 15490 | Lair:2   | Killed an eight-headed hydra
 15751 | Lair:2   | Acquired Kikubaaqudgha's third power
 15925 | Lair:2   | Reached skill level 5 in Armour
 16059 | Lair:2   | Reached XP level 12. HP: 68/100 MP: 12/12
 17240 | Lair:3   | Reached skill level 1 in Evocations
 17277 | Lair:3   | Noticed a death yak
 17494 | Lair:3   | Noticed a death yak
 17495 | Lair:3   | Noticed a death yak
 17509 | Lair:3   | Noticed a death yak
 17902 | Lair:3   | Noticed a death yak
 17902 | Lair:3   | Noticed a death yak
 17930 | Lair:4   | Reached skill level 5 in Evocations
 17981 | Lair:4   | Acquired Kikubaaqudgha's fourth power
 18506 | Lair:4   | Found a hole to the Spider Nest.
 19071 | Lair:5   | Reached XP level 13. HP: 108/108 MP: 25/25
 19650 | Lair:6   | Got a faintly humming chain mail
 19681 | Lair:5   | Identified the cursed -4 chain mail "Ynguin" {Str+6 Slay-6} (You found it on level 6 of the Lair of Beasts)
 19845 | Lair:6   | Reached skill level 10 in Evocations
 21253 | Lair:8   | Entered Level 8 of the Lair of Beasts
 21289 | Lair:8   | Noticed Rupert
 21355 | Lair:6   | Gained mutation: You are clumsy. (Dex -2) [mutagenic glow]
 21873 | Temple   | Identified a +3 demon trident of pain (a +1 demon trident of draining bloodied by Kikubaaqudgha)
 22236 | Orc:1    | Entered Level 1 of the Orcish Mines
 23232 | Orc:2    | Found Poecom's Jewellery Shoppe.
 23242 | Orc:2    | Bought the ring of Autumn {Str+2 Int+2 SInv} for 366 gold pieces
 23766 | Orc:3    | Noticed Erica
 23818 | Orc:3    | Killed Erica
 23863 | Orc:3    | Noticed Sonja
 23921 | Orc:3    | Killed Sonja
 24047 | Orc:3    | Found a roughly hewn altar of Beogh.
 24617 | Lair:6   | Learned a level 3 spell: Vampiric Draining
 25138 | Orc:4    | Entered Level 4 of the Orcish Mines
 25177 | Orc:4    | Found a dark tunnel.
 25187 | Volcano  | Entered a volcano
 25269 | Volcano  | Reached skill level 1 in Necromancy
 25302 | Volcano  | Found a radiant altar of Vehumet.
 25679 | Volcano  | Found a burning altar of Makhleb.
 25725 | Orc:4    | Noticed Gastronok
 25881 | Orc:4    | Killed Gastronok
 26142 | Orc:4    | Reached XP level 14. HP: 102/115 MP: 29/29
 26268 | Orc:4    | Found Bik Ack's Antique Armour Boutique.
 26268 | Orc:4    | Found Streakk's Weapon Boutique.
 26271 | Orc:4    | Found Ocaunlup's Jewellery Emporium.
 26326 | Orc:4    | Reached skill level 5 in Necromancy
 26549 | Orc:4    | Bought a pair of embroidered gloves for 162 gold pieces
 26714 | Orc:4    | Found Guifaux's Book Shop.
 26829 | Orc:4    | Bought a book of Necromancy for 330 gold pieces
 26831 | Orc:4    | Learned a level 1 spell: Animate Skeleton
 26836 | Orc:4    | Bought the ring "Jeesosch" {SustAb +Blink rF+ SInv} for 683 gold pieces
 26843 | Orc:4    | Bought a cursed ring of loudness for 72 gold pieces
 26996 | Orc:4    | Noticed a stone giant
 27018 | Orc:4    | Killed a stone giant
 27264 | Orc:4    | Found a staircase to the Elven Halls.
 27914 | Lair:3   | Killed a death yak
 27932 | Lair:3   | Killed a death yak
 27946 | Lair:3   | Killed a death yak
 27959 | Lair:3   | Killed a death yak
 27976 | Lair:3   | Killed a death yak
 27989 | Lair:3   | Killed a death yak
 29088 | Lair:6   | Identified Qojuijan's Tome of the Damaging Rocks
 29449 | Lair:8   | Killed Rupert
 29773 | Lair:8   | Reached skill level 10 in Necromancy
 29953 | Lair:8   | Reached XP level 15. HP: 101/121 MP: 30/30
 29998 | Lair:8   | Found a staircase to the Slime Pits.
 29998 | Lair:8   | Found a viscous altar of Jiyva.
 30216 | Spider:1 | Entered Level 1 of the Spider Nest
 30702 | D:11     | Identified a +1 rod of the swarm (12/12) (You found it on level 11 of the Dungeon)
 31257 | D:11     | Found a staircase to the Lair.
 31579 | D:12     | Noticed Josephine
 31599 | D:12     | Killed Josephine
 32109 | D:12     | Found Wicaiwe's Antique Weapon Shop.
 32539 | D:12     | Your ally Josephine died
 34321 | D:14     | Learned a level 3 spell: Regeneration
 34455 | D:14     | Reached skill level 1 in Charms
 34725 | D:14     | Found a gate to the Vaults.
 34861 | D:14     | Reached skill level 5 in Charms
 35076 | D:14     | Found a deep blue altar of Sif Muna.
 35565 | D:15     | Entered Level 15 of the Dungeon
 35726 | D:15     | Paralysed by a hornet for 4 turns
 36213 | D:15     | Reached skill level 1 in Spellcasting
 36258 | D:15     | Reached XP level 16. HP: 111/127 MP: 31/31
 36531 | D:15     | Noticed Frances
 37036 | D:15     | Found a portal to a secret trove of treasure.
 37762 | Lair:5   | Found a staircase to the Swamp.
 37782 | Swamp:1  | Entered Level 1 of the Swamp
 40285 | Swamp:3  | Noticed Roxanne
 41258 | Swamp:4  | Noticed Jorgrun
 41371 | Swamp:4  | Noticed Nikola
 41408 | Swamp:4  | Killed Nikola
 41422 | Swamp:4  | Noticed a thorn hunter
 41429 | Swamp:4  | Your ally Nikola died
 41832 | Swamp:3  | Killed a thorn hunter
 41853 | Swamp:4  | Noticed Donald
 41860 | Swamp:4  | Killed Donald
 41904 | Swamp:4  | Reached XP level 17. HP: 137/137 MP: 32/32
 42425 | Swamp:5  | Entered Level 5 of the Swamp
 42581 | Swamp:5  | Gained mutation: You are robust (+10% HP). [potion of beneficial mutation]
 43188 | Swamp:5  | Noticed Louise
 43212 | Swamp:5  | Killed Louise
 43315 | Swamp:5  | Got a decaying rune of Zot
 43757 | Spider:1 | Learned a level 4 spell: Animate Dead
 44786 | Spider:2 | Got an agate-studded leather armour
 44813 | Spider:1 | Identified the cursed -1 leather armour "Choisus" {rF+ Regen+} (You found it on level 2 of the Spider Nest)
 45249 | Spider:2 | Reached skill level 10 in Armour
 45678 | Spider:3 | Noticed Azrael
 45714 | Spider:3 | Killed Azrael
 46629 | Spider:4 | Reached XP level 18. HP: 156/161 MP: 32/32
 46974 | Spider:5 | Entered Level 5 of the Spider Nest
 47148 | Spider:5 | Noticed Arachne
 47166 | Spider:5 | Killed Arachne
 47600 | Spider:5 | Your ally Arachne died
 48828 | Spider:5 | Got a gossamer rune of Zot
 49323 | Vaults:1 | Entered Level 1 of the Vaults
 49434 | Vaults:1 | Paralysed by a wizard for 2 turns
 50396 | Vaults:1 | Identified a scroll of acquirement
 50432 | Vaults:1 | Found Pahoash's Magic Scroll Shoppe.
 50491 | Vaults:1 | Bought a scroll of acquirement for 988 gold pieces
 50499 | Vaults:1 | Bought a scroll of silence for 142 gold pieces
 50499 | Vaults:1 | Bought a scroll of identify for 38 gold pieces
 50499 | Vaults:1 | Bought a scroll of silence for 142 gold pieces
 50499 | Vaults:1 | Bought a scroll of identify for 38 gold pieces
 50499 | Vaults:1 | Bought a scroll of identify for 38 gold pieces
 50499 | Vaults:1 | Bought a scroll of identify for 38 gold pieces
 51554 | Vaults:1 | Reached XP level 19. HP: 133/168 MP: 33/33
 51562 | Vaults:1 | Found Treecs' Food Boutique.
 52320 | Vaults:2 | Reached skill level 15 in Dodging
 53177 | Vaults:2 | Found a deep blue altar of Sif Muna.
 53614 | Vaults:2 | Found a staircase to the Crypt.
 53812 | Vaults:2 | Reached skill level 16 in Dodging
 54697 | Vaults:3 | Found Ekkool's Book Emporium.
 54706 | Vaults:3 | Bought a book of Air for 630 gold pieces
 54711 | Vaults:3 | Learned a level 2 spell: Repel Missiles
 54732 | Vaults:3 | Learned a level 3 spell: Flight
 55023 | Vaults:3 | Noticed Mennas
 55267 | Vaults:3 | Reached skill level 17 in Dodging
 55270 | Vaults:3 | Noticed Aizul
 55512 | D:15     | Found a staircase to the Depths.
 55748 | D:15     | Killed Frances
 56120 | D:5      | Killed dysrexia's ghost
 56199 | D:5      | Killed Sigmund
 56380 | D:4      | Noticed a slave
 56382 | D:4      | Killed a slave
 56390 | D:4      | Killed a slave
 56401 | D:4      | Noticed a slave
 56403 | D:4      | Noticed Pikel
 56405 | D:4      | Killed a slave
 56406 | D:4      | Noticed a slave
 56409 | D:4      | Killed Pikel
 56488 | D:4      | Noticed Menkaure
 56495 | D:4      | Killed Menkaure
 56654 | D:4      | Noticed Crazy Yiuf
 56670 | D:4      | Killed Crazy Yiuf
 56973 | Depths:1 | Entered Level 1 of the Depths
 57018 | Depths:1 | Found a gateway to Hell.
 57184 | Depths:1 | Reached XP level 20. HP: 175/177 MP: 34/34
 57301 | Depths:1 | Found Conateam's Serpentskin Sales.
 57492 | Depths:1 | Reached skill level 15 in Fighting
 57500 | Depths:1 | Noticed a lich
 57555 | Depths:1 | Killed a lich
 57563 | Depths:1 | Identified the Disquisition on Protection
 58269 | Depths:1 | Found a one-way gate leading to the halls of Pandemonium.
 58508 | Depths:1 | Upgraded the game from 0.16-b1 to 0.16.0-7-ge91f220
 58769 | Orc:4    | Bought a cursed amulet of resist corrosion for 272 gold pieces
 58795 | Elf:1    | Entered Level 1 of the Elven Halls
 59222 | Elf:1    | Reached skill level 18 in Dodging
 59986 | Elf:2    | Found Yruohan's Food Emporium.
 60283 | Elf:2    | Found a runed gate.
 60284 | Elf:2    | Found a runed gate.
 60299 | Elf:2    | Paralysed by a giant eyeball for 3 turns
 60306 | Elf:2    | Paralysed by a giant eyeball for 4 turns
 60549 | Elf:3    | Entered Level 3 of the Elven Halls
 61622 | Elf:3    | Got a crude leather armour
 61668 | Elf:3    | Got a blackened leather armour
 61736 | Elf:3    | Identified the +1 leather armour of Refuge {rN+} (You took it off a deep elf sorcerer on level 3 of the Elven Halls)
 61746 | Elf:3    | Identified the +2 leather armour of Mearyt {rN+ Regen+ Str-4} (You took it off a deep elf annihilator on level 3 of the Elven Halls)
 62524 | Elf:3    | Reached skill level 19 in Dodging
 62615 | Elf:3    | Reached XP level 21. HP: 188/188 MP: 34/34
 62856 | Elf:3    | Got a faintly glowing storm dragon armour
 62857 | Elf:3    | Identified the -4 storm dragon armour of the Lonely Curses {rElec MR+ Str+4} (You found it on level 3 of the Elven Halls)
 62870 | Elf:3    | Got a fine ring mail
 62881 | Elf:3    | Identified the +5 ring mail of the Eight Stars {Str+6 Stlth+} (You found it on level 3 of the Elven Halls)
 63066 | Elf:3    | Got an ichor-stained buckler
 63077 | Elf:3    | Identified the +3 buckler of the Elven Halls {-Cast Dex+7} (You found it on level 3 of the Elven Halls)
 63145 | Elf:3    | Learned a level 2 spell: Shroud of Golubria
 63148 | Elf:3    | Learned a level 2 spell: Blink
 63150 | Elf:3    | Learned a level 1 spell: Apportation
 63608 | Depths:2 | Reached skill level 1 in Translocations
 63622 | Depths:2 | Reached skill level 5 in Spellcasting
 63696 | Depths:2 | Found a one-way gate to the infinite horrors of the Abyss.
 64057 | Depths:2 | Found a gateway to a ziggurat.
 64177 | Depths:2 | Found a bloodstained altar of Trog.
 64693 | Orc:2    | Bought the ring "Xiaz" {rElec rF- MR+ MP+9 Int+2 Dex+5} for 928 gold pieces
 65148 | Depths:2 | Noticed the Enchantress
 65183 | Depths:2 | Killed the Enchantress
 65261 | Depths:2 | Got a faerie dragon armour
 65279 | Depths:2 | Identified the +0 faerie dragon armour {+Inv rN+} (You took it off the Enchantress on level 2 of the Depths)
 65489 | Depths:2 | Reached skill level 5 in Translocations
 66096 | Depths:2 | Reached skill level 10 in Spellcasting
 67858 | Depths:3 | Reached XP level 22. HP: 199/201 MP: 37/37
 68152 | Depths:3 | Found a sparkling altar of Nemelex Xobeh.
 69218 | Vaults:3 | Bought a book of Enchantments for 900 gold pieces
 69227 | Vaults:3 | Learned a level 6 spell: Haste
 69475 | Depths:4 | Reached skill level 1 in Stealth
 69716 | Depths:4 | Reached skill level 10 in Charms
 70208 | Depths:4 | Paralysed by a great orb of eyes for 5 turns
 70349 | Depths:4 | Upgraded the game from 0.16.0-7-ge91f220 to 0.16.0-8-gd9ae3a8
 70476 | Depths:4 | Got an encrusted chain mail
 70487 | Depths:4 | Identified the cursed -3 chain mail "Vamn" {Str-3 Dex+6} (You found it on level 4 of the Depths)
 70510 | Depths:5 | Entered Level 5 of the Depths
 70844 | Depths:4 | Found a shimmering altar of Xom.
 71124 | Depths:4 | Reached XP level 23. HP: 190/213 MP: 37/37
 71205 | Depths:4 | Got a translucent buckler
 71216 | Depths:4 | Identified the +0 buckler of the Morning Star {rC+ Int-4 Dex+3 Slay-5} (You found it on level 4 of the Depths)
 71756 | Depths:4 | Noticed a caustic shrike
 71780 | Depths:4 | Reached skill level 20 in Fighting
 71786 | Depths:4 | Killed a caustic shrike
 73556 | Depths:5 | Reached skill level 21 in Fighting
 73779 | Depths:5 | Found a gate to the Realm of Zot.
 73977 | Depths:5 | Reached skill level 15 in Charms
 74550 | Depths:5 | Gained mutation: Your body is slowly deteriorating. [a neqoxec]
 74552 | Depths:5 | Gained mutation: Your magical capacity is low (-10% MP). [a neqoxec]
 74902 | Lair:3   | Learned a level 1 spell: Summon Butterflies
 75034 | Slime:1  | Entered Level 1 of the Pits of Slime
 75075 | Slime:1  | Reached skill level 1 in Summonings
 75122 | Slime:1  | Gained mutation: You are weak. (Str -2) [a shining eye]
 75506 | Slime:6  | Entered Level 6 of the Pits of Slime
 75529 | Slime:6  | Reached skill level 5 in Summonings
 75718 | Slime:6  | Noticed the royal jelly
 75730 | Slime:6  | Killed the royal jelly
 75730 | Slime:6  | Reached XP level 24. HP: 204/229 MP: 28/34
 75806 | Slime:6  | Got a steaming buckler
 75873 | Slime:6  | Identified the +0 buckler of Sorcery {+Inv rElec rC+ Dex-4 Stlth-} (You found it on level 6 of the Pits of Slime)
 75957 | Slime:6  | Got a crude chain mail
 75968 | Slime:6  | Identified the cursed -1 chain mail of Pragmatism {rC+ Int+3} (You found it on level 6 of the Pits of Slime)
 75985 | Slime:6  | Got a slimy rune of Zot
 76034 | Slime:6  | Identified the Grimoire of the Lonely Suns
 76608 | D:15     | You paid a toll of a +6 demon trident to enter a treasure trove
 76609 | Trove    | Entered a treasure trove
 76635 | Trove    | Got a twitching amber ring
 76637 | Trove    | Identified the ring "Enonot" {rElec rPois rF+ rC- Str-2 Stlth+} (You found it in a treasure trove)
 76867 | Zot:1    | Entered Level 1 of the Realm of Zot
 78078 | Zot:1    | Reached skill level 22 in Fighting
 79894 | Zot:3    | Reached skill level 15 in Armour
 79969 | Zot:3    | Reached XP level 25. HP: 223/238 MP: 34/34
 81137 | Zot:4    | Cast into the Abyss (the power of Zot)
 81177 | Abyss:1  | Reached skill level 23 in Fighting
 81276 | Zot:4    | Escaped the Abyss
 81589 | Zot:5    | Entered Level 5 of the Realm of Zot
 81982 | Zot:5    | Noticed an ancient lich
 81992 | Zot:5    | Killed an ancient lich
 82035 | Zot:5    | Noticed an ancient lich
 82057 | Zot:5    | Killed an ancient lich
 82057 | Zot:5    | Reached XP level 26. HP: 249/249 MP: 35/35
 82203 | Zot:5    | Noticed an orb of fire
 82270 | Zot:5    | Killed an orb of fire
 82280 | Zot:5    | Noticed an ancient lich
 82305 | Zot:5    | Killed an ancient lich
 82988 | Zot:5    | Got the Orb of Zot
 83287 | Depths:3 | Noticed Pyelic the pandemonium lord
 83362 | Depths:2 | Reached skill level 24 in Fighting
 83381 | Depths:2 | Noticed Kecofots the pandemonium lord
 83503 | D:13     | Gained mutation: Potions and wands are less effective at restoring your health. [mutagenic glow]
 83529 | D:12     | Gained mutation: You are dopey. (Int -2) [mutagenic glow]
 83820 | D:1      | Noticed Epitedota the pandemonium lord
 83900 | D:$      | Escaped with the Orb!

Action                   |  1- 3 |  4- 6 |  7- 9 | 10-12 | 13-15 | 16-18 | 19-21 | 22-24 | 25-27 || total
-------------------------+-------+-------+-------+-------+-------+-------+-------+-------+-------++-------
Melee: Trident           |   107 |   227 |   495 |  1571 |   237 |       |       |       |       ||  2637
       Demon trident     |       |       |       |       |  2062 |  1896 |  1823 |   833 |       ||  6614
       Lance             |       |       |       |       |       |       |    17 |   611 |   647 ||  1275
 Fire: Blowgun           |       |       |    23 |    58 |    36 |    48 |     4 |     2 |       ||   171
Throw: Throwing net      |     1 |     3 |     3 |       |       |       |       |       |       ||     7
       Stone             |       |       |     1 |       |     5 |       |       |       |       ||     6
       Javelin           |       |       |       |       |       |     2 |     2 |     4 |       ||     8
 Cast: Animate Skeleton  |       |       |       |       |    78 |    53 |    15 |     5 |       ||   151
       Regeneration      |       |       |       |       |     1 |     2 |    11 |    14 |    10 ||    38
       Animate Dead      |       |       |       |       |       |   103 |    98 |    53 |    17 ||   271
       Repel Missiles    |       |       |       |       |       |       |     4 |     7 |     2 ||    13
       Apportation       |       |       |       |       |       |       |     3 |     9 |     2 ||    14
       Blink             |       |       |       |       |       |       |     1 |       |       ||     1
       Summon Butterflie |       |       |       |       |       |       |       |     3 |       ||     3
       Haste             |       |       |       |       |       |       |       |     3 |    10 ||    13
Invok: Receive Corpses   |       |       |       |       |     1 |     4 |     3 |       |       ||     8
 Abil: Evoke Berserk Rag |       |       |       |       |     6 |     1 |       |       |       ||     7
Evoke: Wand              |       |       |     2 |     5 |    17 |     1 |    10 |    23 |     5 ||    63
       Lamp of fire      |       |       |       |       |       |       |     1 |     2 |       ||     3
  Use: Scroll            |    11 |     7 |     4 |    11 |    11 |    20 |    11 |    19 |     3 ||    97
       Potion            |       |     2 |     2 |     4 |     9 |     9 |     6 |     4 |     3 ||    39
 Stab: Held in net/web   |       |     1 |     3 |       |       |       |       |       |       ||     4
       Distracted        |       |     1 |       |       |     5 |    17 |    19 |     7 |     5 ||    54
       Confused          |       |       |       |     4 |       |       |       |       |       ||     4
       Invisible         |       |       |       |     5 |       |       |     2 |       |       ||     7
       Sleeping          |       |       |       |     1 |       |       |     5 |     6 |       ||    12
  Eat: Chunk             |     3 |    10 |     9 |    27 |    56 |    23 |    14 |     3 |       ||   145
       Fruit             |       |       |     3 |       |     1 |    31 |     2 |     6 |       ||    43
       Royal jelly       |       |       |     1 |       |       |     1 |     3 |       |       ||     5
       Pizza             |       |       |     1 |     1 |     1 |    10 |     1 |       |     2 ||    16
       Beef jerky        |       |       |       |     2 |     5 |     3 |       |     3 |     1 ||    14
       Meat ration       |       |       |       |       |       |     1 |     4 |     1 |     3 ||     9
       Bread ration      |       |       |       |       |       |       |     8 |     7 |     1 ||    16

Action                   |  1- 3 |  4- 6 |  7- 9 | 10-12 | 13-15 | 16-18 | 19-21 | 22-24 | 25-27 || total
-------------------------+-------+-------+-------+-------+-------+-------+-------+-------+-------++-------
Melee: Trident           |   107 |   227 |   495 |  1571 |   237 |       |       |       |       ||  2637
       Demon trident     |       |       |       |       |  2062 |  1896 |  1823 |   833 |       ||  6614
       Lance             |       |       |       |       |       |       |    17 |   611 |   647 ||  1275
 Fire: Blowgun           |       |       |    23 |    58 |    36 |    48 |     4 |     2 |       ||   171
Throw: Throwing net      |     1 |     3 |     3 |       |       |       |       |       |       ||     7
       Stone             |       |       |     1 |       |     5 |       |       |       |       ||     6
       Javelin           |       |       |       |       |       |     2 |     2 |     4 |       ||     8
 Cast: Animate Skeleton  |       |       |       |       |    78 |    53 |    15 |     5 |       ||   151
       Regeneration      |       |       |       |       |     1 |     2 |    11 |    14 |    10 ||    38
       Animate Dead      |       |       |       |       |       |   103 |    98 |    53 |    17 ||   271
       Repel Missiles    |       |       |       |       |       |       |     4 |     7 |     2 ||    13
       Apportation       |       |       |       |       |       |       |     3 |     9 |     2 ||    14
       Blink             |       |       |       |       |       |       |     1 |       |       ||     1
       Summon Butterflie |       |       |       |       |       |       |       |     3 |       ||     3
       Haste             |       |       |       |       |       |       |       |     3 |    10 ||    13
Invok: Receive Corpses   |       |       |       |       |     1 |     4 |     3 |       |       ||     8
 Abil: Evoke Berserk Rag |       |       |       |       |     6 |     1 |       |       |       ||     7
Evoke: Wand              |       |       |     2 |     5 |    17 |     1 |    10 |    23 |     5 ||    63
       Lamp of fire      |       |       |       |       |       |       |     1 |     2 |       ||     3
  Use: Scroll            |    11 |     7 |     4 |    11 |    11 |    20 |    11 |    19 |     3 ||    97
       Potion            |       |     2 |     2 |     4 |     9 |     9 |     6 |     4 |     3 ||    39
 Stab: Held in net/web   |       |     1 |     3 |       |       |       |       |       |       ||     4
       Distracted        |       |     1 |       |       |     5 |    17 |    19 |     7 |     5 ||    54
       Confused          |       |       |       |     4 |       |       |       |       |       ||     4
       Invisible         |       |       |       |     5 |       |       |     2 |       |       ||     7
       Sleeping          |       |       |       |     1 |       |       |     5 |     6 |       ||    12
  Eat: Chunk             |     3 |    10 |     9 |    27 |    56 |    23 |    14 |     3 |       ||   145
       Fruit             |       |       |     3 |       |     1 |    31 |     2 |     6 |       ||    43
       Royal jelly       |       |       |     1 |       |       |     1 |     3 |       |       ||     5
       Pizza             |       |       |     1 |     1 |     1 |    10 |     1 |       |     2 ||    16
       Beef jerky        |       |       |       |     2 |     5 |     3 |       |     3 |     1 ||    14
       Meat ration       |       |       |       |       |       |     1 |     4 |     1 |     3 ||     9
       Bread ration      |       |       |       |       |       |       |     8 |     7 |     1 ||    16

Action                   |  1- 3 |  4- 6 |  7- 9 | 10-12 | 13-15 | 16-18 | 19-21 | 22-24 | 25-27 || total
-------------------------+-------+-------+-------+-------+-------+-------+-------+-------+-------++-------
Melee: Trident           |   107 |   227 |   495 |  1571 |   237 |       |       |       |       ||  2637
       Demon trident     |       |       |       |       |  2062 |  1896 |  1823 |   833 |       ||  6614
       Lance             |       |       |       |       |       |       |    17 |   611 |   647 ||  1275
 Fire: Blowgun           |       |       |    23 |    58 |    36 |    48 |     4 |     2 |       ||   171
Throw: Throwing net      |     1 |     3 |     3 |       |       |       |       |       |       ||     7
       Stone             |       |       |     1 |       |     5 |       |       |       |       ||     6
       Javelin           |       |       |       |       |       |     2 |     2 |     4 |       ||     8
 Cast: Animate Skeleton  |       |       |       |       |    78 |    53 |    15 |     5 |       ||   151
       Regeneration      |       |       |       |       |     1 |     2 |    11 |    14 |    10 ||    38
       Animate Dead      |       |       |       |       |       |   103 |    98 |    53 |    17 ||   271
       Repel Missiles    |       |       |       |       |       |       |     4 |     7 |     2 ||    13
       Apportation       |       |       |       |       |       |       |     3 |     9 |     2 ||    14
       Blink             |       |       |       |       |       |       |     1 |       |       ||     1
       Summon Butterflie |       |       |       |       |       |       |       |     3 |       ||     3
       Haste             |       |       |       |       |       |       |       |     3 |    10 ||    13
Invok: Receive Corpses   |       |       |       |       |     1 |     4 |     3 |       |       ||     8
 Abil: Evoke Berserk Rag |       |       |       |       |     6 |     1 |       |       |       ||     7
Evoke: Wand              |       |       |     2 |     5 |    17 |     1 |    10 |    23 |     5 ||    63
       Lamp of fire      |       |       |       |       |       |       |     1 |     2 |       ||     3
  Use: Scroll            |    11 |     7 |     4 |    11 |    11 |    20 |    11 |    19 |     3 ||    97
       Potion            |       |     2 |     2 |     4 |     9 |     9 |     6 |     4 |     3 ||    39
 Stab: Held in net/web   |       |     1 |     3 |       |       |       |       |       |       ||     4
       Distracted        |       |     1 |       |       |     5 |    17 |    19 |     7 |     5 ||    54
       Confused          |       |       |       |     4 |       |       |       |       |       ||     4
       Invisible         |       |       |       |     5 |       |       |     2 |       |       ||     7
       Sleeping          |       |       |       |     1 |       |       |     5 |     6 |       ||    12
  Eat: Chunk             |     3 |    10 |     9 |    27 |    56 |    23 |    14 |     3 |       ||   145
       Fruit             |       |       |     3 |       |     1 |    31 |     2 |     6 |       ||    43
       Royal jelly       |       |       |     1 |       |       |     1 |     3 |       |       ||     5
       Pizza             |       |       |     1 |     1 |     1 |    10 |     1 |       |     2 ||    16
       Beef jerky        |       |       |       |     2 |     5 |     3 |       |     3 |     1 ||    14
       Meat ration       |       |       |       |       |       |     1 |     4 |     1 |     3 ||     9
       Bread ration      |       |       |       |       |       |       |     8 |     7 |     1 ||    16
